AoeStats
← GORGORY

Nomad

503421727Analyzed
2v2 RM · 1mo ago on Aug 31, 2026· 41m 40s· 4 players
Game mode
Random Map
Map size
176×176
Population
200
Speed
Normal
Resources
Standard
Victory
Conquest
Starting age
Dark Age
Ending age
Imperial Age
RankedLock teamsTeams togetherTeam positionsShared explorationLock speedFull tech treeHidden civsTurbo modeCheats
Victory
Defeat
🇫🇷 Huns · France
983
+12
🇺🇸 Dravidians · United States
929
+14
🇦🇷 Ethiopians · Argentina
962
-16
🇩🇪 Maya · Germany
824
-10
Ccow6
6:23 Loom
14:13 Feudal Age
14:38 Fishing Lines
16:25 Gold Mining
16:22 Double-Bit Axe
18:18 Stone Mining
24:32 Castle Age
22:36 Scale Mail Armor
22:47 Forging
25:25 Padded Archer Armor
25:16 Fletching
25:34 Scale Barding Armor
25:38 Thumb Ring
25:53 Bow Saw
26:19 Gillnets
27:08 Wheelbarrow
27:36 Chain Barding Armor
27:11 Bodkin Arrow
27:20 Bodkin Arrow
28:02 Medium Warships
27:46 Town Watch
28:37 Man-at-Arms
29:03 Gambesons
29:34 Horse Collar
30:28 Heavy Plow
30:52 Long Swordsman
31:48 Chain Mail Armor
35:07 Ballistics
34:43 Murder Holes
35:25 Iron Casting
36:11 Hand Cart
36:43 Town Patrol
37:57 Squires
37:44 Arson
41:07 Imperial Age
39:12 Masonry
40:50 Medical Corps
41:51 Bracer
42:22 Plate Mail Armor
42:52 Blast Furnace
41:18 Two-Handed Swordsman
43:03 Chemistry
BillyBat
4:13 Loom
14:49 Feudal Age
16:23 Wheelbarrow
15:58 Fishing Lines
16:57 Double-Bit Axe
17:27 Horse Collar
20:26 Castle Age
18:32 Gold Mining
18:34 Stone Mining
19:41 Forging
19:46 Scale Barding Armor
21:54 Hand Cart
23:34 Gold Shaft Mining
23:12 Bow Saw
23:09 Heavy Plow
24:22 Iron Casting
33:45 Imperial Age
32:00 Gillnets
32:52 Chain Barding Armor
32:51 Murder Holes
33:16 Ballistics
33:37 Bloodlines
33:28 Husbandry
33:50 Fletching
33:33 Light Cavalry
34:39 Bodkin Arrow
35:48 Conscription
35:29 Marauders
38:50 Bracer
39:50 Blast Furnace
39:26 Plate Barding Armor
Cpt_Vollbart
4:24 Loom
14:22 Feudal Age
20:28 Castle Age
19:00 Fletching
19:11 Scale Mail Armor
19:12 Padded Archer Armor
23:55 Medium Warships
23:46 Bodkin Arrow
25:32 Double-Bit Axe
27:23 Pikeman
28:04 Squires
30:12 Thumb Ring
31:06 Bow Saw
31:01 Horse Collar
30:48 Crossbowman
31:49 Heavy Plow
35:22 Elite Skirmisher
38:56 Leather Archer Armor
38:52 Forging
38:58 Chain Mail Armor
42:06 Imperial Age
40:25 Fishing Lines
41:26 Iron Casting
GORGORY
9:09 Loom
13:24 Feudal Age
13:53 Double-Bit Axe
13:49 Horse Collar
17:24 Wheelbarrow
21:44 Castle Age
21:45 Stone Mining
22:25 Town Watch
23:02 Bow Saw
23:01 Heavy Plow
25:01 Fervor
27:34 Sanctity
32:25 Royal Heirs
33:49 Squires
33:35 Arson
34:38 Forging
34:28 Scale Mail Armor
34:36 Scale Mail Armor
36:43 Iron Casting
36:23 Chain Mail Armor
36:29 Elite Skirmisher
37:15 Thumb Ring
37:05 Fletching
37:15 Padded Archer Armor
37:50 Bodkin Arrow
38:24 Hand Cart
38:10 Town Patrol
39:11 Leather Archer Armor
40:04 Chain Mail Armor
Connection lost

Rejoining the realm…

Still unreachable

The connection could not be restored.

Session expired

The server has moved on; the page needs a fresh start.